 Dungeon Crawl Stone Soup version 0.27-a0-767-g00efbec225 (webtiles) character file.

Game seed: 8643093083656817622

219 ReteAZ the Magician (level 5, -1/40 HPs)
             Began as a Djinni Hedge Wizard on Mar 25, 2021.
             Slain by Grinder (3 damage)
             ... while paralysed by Grinder
             ... on level 3 of the Dungeon.
             The game lasted 00:05:49 (3549 turns).

ReteAZ the Magician (Djinni Hedge Wizard)           Turns: 3549, Time: 00:05:49

Health: -1/40      AC:  7    Str:  9    XL:     5   Next: 96%
Gold:   84         EV:  2    Int: 17    God:
                   SH:  0    Dex: 12

rFire    + + .     SeeInvis .   n - +1 scythe (vamp)
rCold    x . .     Faith    .   (shield currently unavailable)
rNeg     . . .     Spirit   .   b - +0 robe
rPois    ∞         Reflect  .   i - +1 helmet
rElec    .         Harm     .   p - +2 cloak
rCorr    .         Rampage  .   (no gloves)
Will     .....                  (boots unavailable)
Stlth    ++........             (no amulet)
HPRegen  0.13/turn              (no ring)
MPRegen  0.00/turn              (no ring)

@: paralysed, flying
A: fire resistance 2, cold vulnerability 1, float, innate caster, hp casting,
extra vitality 1
a: no special abilities


You were on level 3 of the Dungeon.
You visited 1 branch of the dungeon, and saw 3 of its levels.

You collected 84 gold pieces.

Inventory:

Hand Weapons
 a - a +0 dagger
 h - a +2 dagger of freezing
 n - a +1 vampiric scythe (weapon)
Armour
 b - a +0 robe (worn)
 c - a +0 hat
 i - a +1 helmet (worn)
 p - a +2 cloak (worn)
Scrolls
 g - a scroll of brand weapon {unknown}
 j - a scroll of enchant armour {unknown}
 k - a scroll of blinking {unknown}
 m - a scroll of amnesia {unknown}
 o - a scroll of vulnerability {unknown}
Potions
 d - a potion of degeneration {unknown}
 e - a potion of flight {unknown}
 f - a potion of curing {unknown}
 l - a potion of mutation {unknown}
 q - a potion of heal wounds {unknown}


   Skills:
 + Level 2.9 Fighting
 - Level 2.1 Dodging
 - Level 1.5 Stealth
 * Level 4.7 Spellcasting


You couldn't memorise any spells.
You knew the following spells:

 Your Spells              Type           Power      Damage    Failure   Level
a - Magic Dart            Conj           80%        1d7       1%          1
b - Blink                 Tloc           N/A        N/A       3%          2
c - Call Imp              Summ           20%        N/A       3%          2
d - Slow                  Hex            20%        N/A       3%          2
e - Conjure Flame         Conj/Fire      20%        6-21      6%          3
f - Mephitic Cloud        Conj/Pois/Air  20%        N/A       6%          3
g - Freeze                Ice            80%        1d9       1%          1
h - Passwall              Tmut/Erth      16%        N/A       3%          2
Your spell library was empty.

Dungeon Overview and Level Annotations

Branches:
Dungeon (3/15)

Altars:
Nemelex Xobeh
Uskayaw

Annotations:
D:3 Grinder


Innate Abilities, Weirdness & Mutations

You are immune to poison.
Your flesh is very heat resistant. (rF++)
You are vulnerable to cold. (rC-)
You float through the air rather than walking.
You learn spells naturally, not from books.
Your magical power is your life essence.
You have superior vitality. (+4 HP)


Message History

The kobold is severely wounded.
The magic dart hits the kobold.
You kill the kobold!
The magic dart hits the ball python.
The ball python is moderately wounded.
The magic dart hits the ball python.
You kill the ball python!
The magic dart hits the goblin.
You kill the goblin!
You can't see any susceptible monsters within range! (Use Z to cast anyway.)
Your white imp disappears in a puff of smoke!
q - a yellow potion Grinder is nearby!
Casting: Magic Dart (safe; 1% risk of failure)
Confirm with . or Enter, or press ? or * to list all spells.
A beastly little devil appears in a puff of flame.
Grinder shouts!
Grinder gestures at you. Pain shoots through your body!
Casting: Call Imp (safe; 3% risk of failure)
Confirm with . or Enter, or press ? or * to list all spells.
A beastly little devil appears in a puff of flame.
Your crimson imp blinks!
Grinder hits you!
You writhe in agony.
Casting: Call Imp (safe; 3% risk of failure)
Confirm with . or Enter, or press ? or * to list all spells.
A beastly little devil appears in a puff of flame.
* * * LOW HITPOINT WARNING * * *
Grinder gestures at you.
You suddenly lose the ability to move!
Grinder hits you but does no damage.
Your crimson imp barely misses Grinder.
Grinder hits you.
* * * LOW HITPOINT WARNING * * *
You writhe in agony.
* * * LOW HITPOINT WARNING * * *
Your crimson imp hits Grinder. x2
Grinder hits you.
* * * LOW HITPOINT WARNING * * *
You writhe in agony.
You die...

# ♣.♣♣ # ♣♣)♣ #.#.#...
# # ♣5♣♣ ##.#.#..# .#
♣♣)♣ #.......##.##
♣♣)♣♣ #...........
♣♣..)♣ #.!.......####
# ♣....♣
#............. #
#..).# #......5..# #
###..## ##....@5.!# #
#.....# #.#####5### #
#.#.#.###..###§## #
#...........#5##
#####.#.###.##.#######
..).....# #...5...(..#
######.## ####.#####..
#.# #†# #.# #)#


You could see Grinder (ally target) and 2 friendly crimson imps.

Vanquished Creatures
  Robin (D:2)
  An adder (D:3)
  3 worms (D:2)
  2 dart slugs (D:2)
  5 orcs (D:3)
  8 ball pythons
  2 bats (D:1)
  3 endoplasms (D:1)
  3 giant cockroaches (D:2)
  14 goblins
  6 hobgoblins
  3 jackals
  4 kobolds
  3 quokkas
  A frilled lizard (D:1)
  6 rats
65 creatures vanquished.

Vanquished Creatures (collateral kills)
  Sigmund (D:3)
  Crazy Yiuf (D:3)
2 creatures vanquished.

Grand Total: 67 creatures vanquished

Notes
Turn   | Place    | Note
-------+----------+-------------------------------------------
     0 | D:1      | ReteAZ the Djinni Hedge Wizard began the quest for the Orb.
     0 | D:1      | Reached XP level 1. HP: 15/15 MP: 0/0
   399 | D:1      | Reached skill level 3 in Spellcasting
   399 | D:1      | Reached XP level 2. HP: 21/22 MP: 0/0
   665 | D:1      | Reached skill level 1 in Fighting
  1109 | D:2      | Reached XP level 3. HP: 19/27 MP: 0/0
  1109 | D:2      | Learned a level 1 spell: Freeze
  1647 | D:2      | Noticed Robin
  1657 | D:2      | Killed Robin
  1872 | D:2      | Reached XP level 4. HP: 21/33 MP: 0/0
  2105 | D:2      | Found a hide-covered altar of Uskayaw.
  2391 | D:2      | Noticed a necrophage
  2839 | D:2      | Found a sparkling altar of Nemelex Xobeh.
  2931 | D:3      | Noticed Sigmund
  2947 | D:3      | Killed Sigmund
  2948 | D:3      | Reached skill level 4 in Spellcasting
  2948 | D:3      | Reached XP level 5. HP: 24/39 MP: 0/0
  2948 | D:3      | Learned a level 2 spell: Passwall
  3391 | D:3      | Found a runed translucent door.
  3392 | D:3      | Noticed Crazy Yiuf
  3405 | D:3      | Killed Crazy Yiuf
  3496 | D:3      | Noticed Grinder
  3546 | D:3      | Paralysed by Grinder for 7 turns
  3549 | D:3      | HP: 2/40 [Grinder (5)]
  3549 | D:3      | Slain by Grinder

Illustrated notes

Levels and vault maps discovered:
D:1:      eino_arrival_druids_welcome, layout_basic
D:2:      layout_basic, lemuel_round_altar, lemuel_coloured_pillars_altar,
          minmay_tall_x, uniq_robin
D:3:      layout_loops_ring, hangedman_feature_mirror, uniq_natasha,
          uniq_crazy_yiuf_cottage, uniq_grinder, uniq_sigmund

Skill      XL: |  1  2  3  4 |
---------------+-------------+-----
Spellcasting   | 3 4 |  4.7
Fighting       | 1 2 |  2.9
Dodging        | |  2.1
Stealth        | |  1.5

Action                   |  1- 3 |  4- 6 || total
-------------------------+-------+-------++-------
Melee: Dagger            |     1 |       ||     1
       Scythe            |       |     2 ||     2
 Cast: Magic Dart        |   105 |    83 ||   188
       Freeze            |     3 |     3 ||     6
       Call Imp          |       |    13 ||    13
Armor: Robe              |     1 |     3 ||     4
Dodge: Dodged            |     7 |     6 ||    13

Table legend: (Time is in decaauts)
 A = Elapsed time spent in this place.
 B = Non-inter-level travel time spent in this place.
 C = Inter-level travel time spent in this place.
 D = Time resting spent in this place.
 E = Time spent auto-exploring this place.
 F = Levels seen in this place.
 G = Mean time per level.
                   A        B        C        D        E       F      G
               +--------+--------+--------+--------+--------+-----+--------+
         Total |   3550 |   3466 |     84 |    104 |   2922 |   3 | 1183.3 |
       Dungeon |   3550 |   3466 |     84 |    104 |   2922 |   3 | 1183.3 |
               +--------+--------+--------+--------+--------+-----+--------+

Top non-repeatable levels by time:
     D:2: 1738 daAuts
     D:1: 1179 daAuts
     D:3: 632 daAuts
